Cogmind - Beta 13 @@@ ROGUE MODE // 2024.05.26 @ 01:41:05 Player: Redclaw Result: Destroyed by G-34 Mercenary with Small Laser Performance ------------- Evolutions (0) 0 Regions Visited (2) 400 Robots Destroyed (18) 90 Value Destroyed (397) 397 Prototype IDs (0) 0 Alien Tech Used (0) 0 Bonus (0) 0 TOTAL SCORE: 887 Bonus ------- None Cogmind --------- Core Integrity 0/250 Matter 294/300 Energy 160/160 System Corruption 0% Temperature Cool (66) Movement Rolling (115) Ox1 Location -10/Mines Parts ------- > --- POWER (1) -------- Light Nuclear Core > --- PROPULSION (2) --- Compact Wheel > --- UTILITY (2) ------ Large Storage Unit > --- WEAPON (2) ------- Light Assault Rifle Light Assault Rifle > --- INVENTORY (15) --- Large Storage Unit Visual Processing Unit ECM Suite Propulsion Shielding Weapon Shielding Grenade Launcher Peak State ------------ > --- POWER ------------ Light Nuclear Core > --- PROPULSION ------- Wheel Compact Wheel > --- UTILITY ---------- Large Storage Unit > --- WEAPON ----------- Light Assault Rifle Light Assault Rifle > --- INVENTORY -------- Large Storage Unit Visual Processing Unit ECM Suite Propulsion Shielding Weapon Shielding Grenade Launcher [Rating: 8] Favorites ----------- Power Ion Engine Engine Ion Engine Power Core Light Nuclear Core Propulsion Light Treads Treads Light Treads Wheel Compact Wheel Utility Large Storage Unit Storage Large Storage Unit Protection Weapon Shielding Weapon Light Assault Rifle Ballistic Gun Light Assault Rifle Build | -11 -10 -10 ------- Run | Yrd Mat Min Slots Evolved . | . . . Power . | . . . Propulsion . | . . . Utility . | . . . Weapon . | . . . Parts Attached 14 | 6 5 3 Power 3 | 1 1 1 Engine 2 | 1 1 . Core 1 | . . 1 Reactor . | . . . Propulsion 4 | 2 . 2 Treads 2 | 2 . . Leg . | . . . Wheel 2 | . . 2 Hover . | . . . Flight . | . . . Utility 3 | 1 2 . Device . | . . . Storage 2 | 1 1 . Processor . | . . . Hackware . | . . . Protection 1 | . 1 . Artifact . | . . . Weapon 4 | 2 2 . Energy Gun . | . . . Energy Cannon . | . . . Ballistic Gun 4 | 2 2 . Ballistic Cannon . | . . . Launcher . | . . . Special Weapon . | . . . Impact Weapon . | . . . Slashing Weapon . | . . . Piercing Weapon . | . . . Special Melee Weapon . | . . . Unidentified Prototypes . | . . . Parts Lost 3 | . 2 1 Power 1 | . 1 . Propulsion 2 | . 1 1 Utility . | . . . Weapon . | . . . Highest Loss Streak 1 | . 1 1 To Critical Strikes . | . . . Average Slot Usage (%) 84 | . 84 82 Engine 13 | . 13 10 Treads 23 | . 27 2 Wheel 3 | . . 22 Storage 14 | . 14 14 Ballistic Gun 28 | . 28 28 Naked Turns . | . . . Heaviest Build 28 | 13 28 27 Greatest Support 40 | 40 40 26 Greatest Overweight (x) 1 | . 1 1 Average Overweight (x) . | . . 1 Largest Inventory Capacity 15 | 8 15 15 Average Capacity 14 | 7 14 15 Most Carried 10 | 5 10 9 Average Carried 7 | 2 7 7 Final Capacity 15 | 8 15 15 Final Carried 9 | 3 9 6 Class Distribution -------------------- 100% | Mutant Dominant Class ---------------- Mutant | -10/Materials Mutant | -10/Mines Resources | -11 -10 -10 ----------- Run | Yrd Mat Min Matter Collected 497 | 224 196 77 Remotely . | . . . Salvage Created 511 | . 353 158 Parts 39 | . 29 10 Haulers Intercepted . | . . . Recyclers Shooed 1 | . 1 . Parts Field Recycled . | . . . Retrieved Matter . | . . . Parts Self-Destructed . | . . . Prevented . | . . . Kills | -11 -10 -10 ------- Run | Yrd Mat Min Combat Hostiles Destroyed 14 | . 11 3 Melee 1 | . 1 . Guns 13 | . 10 3 Classes Destroyed 5 | . 4 1 Worker 1 | . . 1 Recycler 1 | . 1 . Watcher 2 | . 2 . Swarmer 6 | . 6 . Grunt 8 | . 5 3 Best Kill Streak 4 | . 4 4 Combat Bots Only 3 | . 3 3 Max Kills in Single Turn 1 | . 1 1 Gunslinging . | . . . Exploded . | . . . Melee 1 | . 1 . Uniques/NPCs Destroyed . | . . . Combat | -11 -10 -10 -------- Run | Yrd Mat Min Hostile Shots Fired 113 | . 84 29 Missed 25 | . 19 6 Damage Taken 968 | . 662 306 Core 253 | . 147 106 Absorbed by Shields . | . . . Core Remaining (%) 100 | 100 . . Volleys Fired 65 | . 51 14 Largest 2 | . 2 2 Hottest 40 | . 40 40 Shots Fired 130 | . 102 28 Gun 130 | . 102 28 Cannon . | . . . Launcher . | . . . Special . | . . . Kinetic 130 | . 102 28 Thermal . | . . . Explosive . | . . . Electromagnetic . | . . . Robot Hit Streak 11 | . 11 7 Robot Miss Streak 5 | . 5 1 Penetration Max . | . . . Secondary Targets 4 | . 3 1 Max Gunslinging Chain 1 | . 1 1 Shots Hit Robots 76 | . 56 20 Core Hits 37 | . 24 13 Critical Kills . | . . . Critical Parts Destroyed . | . . . Critical Strikes . | . . . Melee Attacks . | . . . Impact . | . . . Slashing . | . . . Piercing . | . . . Sneak Attacks . | . . . Combat Hostiles . | . . . Follow-up Attacks . | . . . Damage Inflicted 804 | . 621 183 Guns 765 | . 603 162 Cannons . | . . . Explosions . | . . . Melee . | . . . Ramming 39 | . 18 21 Kinetic 765 | . 603 162 Thermal . | . . . Explosive . | . . . Electromagnetic . | . . . Impact . | . . . Slashing . | . . . Piercing . | . . . Highest Corruption . | . . . Average Corruption . | . . . Corruption Purged . | . . . Corruption Blocked . | . . . Overload Shots . | . . . Overflow Damage . | . . . Projectiles . | . . . Explosions . | . . . Melee . | . . . Knockbacks 1 | . 1 . Impact 1 | . 1 . Kinetic . | . . . Secondary . | . . . Self-Inflicted Damage 10 | . . 10 Shots . | . . . Rammed 11 | . 6 5 Targets Rammed 12 | . 7 5 Kicked . | . . . Crushed 1 | . 1 . Highest Temperature 61 | . 18 61 Average Temperature 17 | . 8 24 Received Heat Transfer 426 | . 216 210 Siege Activations . | . . . Robots Corrupted . | . . . Combat Hostiles . | . . . Parts Fried . | . . . Impact Corruptions . | . . . Robots Melted . | . . . Combat Hostiles . | . . . Parts Melted . | . . . Heat Transferred . | . . . Parts Sabotaged . | . . . Parts Stolen . | . . . Parts Stripped . | . . . Power Chain Reactions . | . . . Alert | -11 -10 -10 ------- Run | Yrd Mat Min Peak Influence 106 | . 105 106 Initial 31 | . . 31 Average 57 | . 62 55 Maximum Alert Level . | . . . Low Security (%) 100 | 100 100 100 Level 1 . | . . . Level 2 . | . . . Level 3 . | . . . Level 4 . | . . . Level 5 . | . . . High Security . | . . . Max Security . | . . . Squads Dispatched 3 | . 3 . Investigation 1 | . 1 . Extermination . | . . . Reinforcement 2 | . 2 . Assault . | . . . Garrison . | . . . Intercept . | . . . Searches Triggered . | . . . Construction Impeded . | . . . Haulers Reinforced . | . . . Active Scanning Responses . | . . . Cargo Convoy Interrupts . | . . . Stealth | -11 -10 -10 --------- Run | Yrd Mat Min Distress Signals 1 | . 1 . Communications Jammed . | . . . Distress Signals . | . . . Times Spotted 22 | . 17 5 Peak Tracking Total 5 | . 5 3 Tactical Retreats . | . . . Traps | -11 -10 -10 ------- Run | Yrd Mat Min Traps Triggered 1 | . 1 . Indirectly . | . . . Trap Hack Attempts . | . . . Triggered . | . . . Disarmed . | . . . Reprogrammed . | . . . Reused . | . . . Traps Extracted . | . . . Installed . | . . . Triggered . | . . . Machines | -11 -10 -10 ---------- Run | Yrd Mat Min Machines Disabled . | . . . Max in Single Turn . | . . . Machines Repaired . | . . . Machines Dismantled . | . . . Machines Sabotaged . | . . . Overloaded Fab Kills . | . . . Hacking | -11 -10 -10 --------- Run | Yrd Mat Min Machines Accessed 1 | . 1 . Terminals 1 | . 1 . Fabricators . | . . . Repair Stations . | . . . Recycling Units . | . . . Scanalyzers . | . . . Garrison Access . | . . . Total Hacks 2 | . 2 . Successful 2 | . 2 . Failed . | . . . Catastrophic . | . . . Database Lockouts . | . . . Manual . | . . . Terminals 2 | . 2 . Fabricators . | . . . Repair Stations . | . . . Recycling Units . | . . . Scanalyzers . | . . . Garrison Access . | . . . Terminal Hacks 2 | . 2 . Record 2 | . 2 . Fabricator Hacks . | . . . Repair Station Hacks . | . . . Recycling Unit Hacks . | . . . Scanalyzer . | . . . Garrison Access Hacks . | . . . Unauthorized Hacks . | . . . Terminals . | . . . Fabricators . | . . . Repair Stations . | . . . Recycling Units . | . . . Scanalyzers . | . . . Garrison Access . | . . . Data Cores Recovered . | . . . Used . | . . . Hacking Detections . | . . . Full Trace Events . | . . . Feedback Events . | . . . Feedback Blocked . | . . . Robot Schematics Acquired . | . . . Robots Built . | . . . Authchips . | . . . Time . | . . . Total Robot Build Rating . | . . . Part Schematics Acquired . | . . . Parts Built . | . . . Authchips . | . . . Time . | . . . Total Part Build Rating . | . . . Parts Repaired . | . . . Time . | . . . Parts Recycled . | . . . Recycled Matter . | . . . Retrieved Matter . | . . . Retrieved Components . | . . . Parts Scanalyzed . | . . . Part Schematics Acquired . | . . . Parts Damaged . | . . . Bothacking | -11 -10 -10 ------------ Run | Yrd Mat Min Used RIF Installer . | . . . Robots Hacked . | . . . Non-combat . | . . . Combat . | . . . Robot Hacks Applied . | . . . Relay Couplers Released . | . . . Fabnet Peak Effective % . | . . . Robots Rewired . | . . . Allies Hacked . | . . . Hacks Repelled . | . . . Allies | -11 -10 -10 -------- Run | Yrd Mat Min Total Allies . | . . . Largest Group . | . . . Highest-Rated Group . | . . . Highest-Rated Ally . | . . . Total Orders . | . . . Ally Attacks . | . . . Total Damage . | . . . Kills . | . . . Allies Corrupted . | . . . Allies Melted . | . . . Intel | -11 -10 -10 ------- Run | Yrd Mat Min Robot Analysis Total . | . . . Derelict Logs Recovered 1 | . . 1 Drone Launches . | . . . Drone Recoveries . | . . . Exploration | -11 -10 -10 ------------- Run | Yrd Mat Min Turns Passed 1377 | 70 1080 227 Spaces Moved 769 | 52 564 153 Core 24 | 24 . . Treads 608 | 28 564 16 Legs . | . . . Wheels 137 | . . 137 Hover . | . . . Flight . | . . . Fastest Speed 50 | 50 160 105 Average Speed 149 | 109 161 119 Slowest Speed 240 | 160 240 240 Overloaded Moves . | . . . Propulsion Burnouts . | . . . Robots Hopped . | . . . Cave-ins Triggered . | . . . Exploration Rate (%) 41 | 4 85 35 Regions Visited 2 Branch Regions 1 Pre-discovered Areas . | . . . Known Exits Taken . | . . . Unknown Exits Taken 2 | 1 1 . Scrap Searched . | . . . Spaces Dug . | . . . Terrain Destroyed . | . . . Melee . | . . . Projectile . | . . . AOE . | . . . Terrain Rammed . | . . . Walls Destroyed . | . . . Machines Disabled . | . . . Actions | -11 -10 -10 --------- Run | Yrd Mat Min Total 884 | 65 642 177 Wait . | . . . Move 767 | 51 563 153 Hop . | . . . Pick Up 19 | 8 11 . Fast Attach 1 | 1 . . Attach 13 | 5 5 3 Detach 1 | . 1 . Swap . | . . . Drop 6 | . 4 2 Fire 65 | . 51 14 Melee . | . . . Ram 5 | . . 5 Kick . | . . . Crush 7 | . 7 . Escape Stasis . | . . . Rewire . | . . . Trap . | . . . Miscellaneous . | . . . Route ------- -11/Scrapyard -10/Materials (discovered 4 exits: [*Mat x2] / [*Min x2]) -10/Mines History --------- Turn | Location | Event 12 | -11/Scrapyard | Discovered new exit (range 15) 71 | -11/Scrapyard | Entered Materials 313 | -10/Materials | Build established: Mutant 373 | -10/Materials | Discovered new exit (range 7) 609 | -10/Materials | Discovered new exit (range 15) 726 | -10/Materials | Discovered new exit (range 16) 949 | -10/Materials | Core integrity fell below 50% 1093 | -10/Materials | Discovered new exit (range 16) 1151 | -10/Materials | Entered Mines 1187 | -10/Mines | Learned Materials emergency access door positions 1302 | -10/Mines | Core integrity fell below 20% 1378 | -10/Mines | Destroyed by G-34 Mercenary with Small Laser Last Messages --------------- ELIMINATE." Slammed into G-47 Trooper. Critical hit (Burn: +37). G-47 Trooper destroyed. R-06 Scavenger collects Imp. Heat Sink. G-34 Mercenary destroyed. Switching to secondary target: G-34 Mercenary. R-06 Scavenger collects Ion Engine. K-01 Serf destroyed. R-06 Scavenger collects Wheel. G-34 Mercenary destroyed. R-06 Scavenger collects Particle Gun. R-06 Scavenger collects Sml. Laser. Dropped Ion Engine. R-06 Scavenger collects Ion Engine. Acquired 45 matter. Acquired 32 matter. R-06 Scavenger collects Sml. Laser. Wheel destroyed. Critical hit (Burn: +37). Map ----- +----------------------------------------------------+ | ???????????????????????????????????????????????? | | ???????????????????????????????????????????????? | | ???????????????????????????????????????????????? | | ???????????????????????????????????????????????? | | ???????????????????????????????????????????????? | | ???????????????????????????????????????????????? | | ???????????????????????????????????????????????? | | ???????????????????????????????????????????????? | | ???????????????????????????????????????????????? | | ???????????????????????????????????????????????? | | ???????????????????????????????????????????????? | | ???????????????????????????????????????????????? | | ???????????????????????????????????????????????? | | ?????????????????????#?????????????????????????? | | ?????????????????????# ????????????????????????? | | ?????????????????????# ???????????????????????? | | ?????????????????????# ????????????????? ?????? | | ?????????????????????# ""??? #????????? ?????? | | ?????????????????????# """" #????????? ?????? | | ?????????????????????# #????????# ?????? | | ?????????????????????# """" ## #?????# #????? | | ?????????????????????# """" ??????? #????? | | ?????????????????????# """" #???????? #????? | | ?????????????????????# g g#???????? ##???? | | ?????????????????????# ??????????# ##??? | | ??????????????????????#@ #?????????????# #???# | | ??????????????????????# #?????????????# ????# | | ??????????????????????# #????????????## #????# | | ??????????????????????# #????????????# #????# | | ??????????????????????# ####?????????# #????# | | ??????????????????????# # ##????????# ###### | | ?????????????????????##k #???????## | | ?????????????????????# #??????## ####### | | ???????????????????### ##????## #?????# | | ???????????????????# ###### ##?????# | | ???????????????????# ## ## ##??????# | | ???????????????????# ?# ##???????# | | ???????????????????#??## ##????????# | | ???????????????????????## t #### ##?????????? | | ????????????????????????######??#########??????? | | ?????????????????????????????????##### ##?????? | | ????????????????????????????????## ##????? | | ????????????????????????????????# ###??? | | ????????????????????????????????# ##?? | | ????????????????????????????????## #?? | | ?????????????????????????????????## #?? | | ??????????????????????????????????# =## #?? | | ??????????????????????????????????# ### ##? | | ????????????????????????????????### #?# #? | | ??????????????????????????????### #?# ## | +----------------------------------------------------+ Best States ------------- Heat Dissipation 25 Energy Generation 14 Energy Capacity 250 Matter Stores 300 Matter Capacity 300 Sight Range 16 Terrain Scan Density 10 Evasion (%) 50 Recoil Reduction 2 Item Schematics ----------------- None Robot Schematics ------------------ None Fabricated ------------ Nothing Alien Tech Used ----------------- None Achievements -------------- Storm Trooper Challenges ------------ None Game ------ Seed SurgeIonSource Manual? 0 Play Time 00:11:59 Cumulative 2.4 hours Start 2024.05.26 @ 01:30:50 End 2024.05.26 @ 01:41:05 Sessions 1 Manual Loads 0 Difficulty Rogue Special Mode None Game No. 4 Rogue 1 Adventurer 3 Explorer 0 Win Type - Total 0 Types 0/0/0/0/0/0/0/0/0 Lore% 1 Gallery% 6 Achievement% 6 Wizard Run 0 Options --------- Layout 1 ASCII 0 Keyboard 0 Movement Mouse Keybinds 0 Fullscreen 1 Font 24/Smallcaps Map View 50x35 Zoom Use 0% Tactical HUD 0 Map Filters NONE Filters NONE Steam 1 RUN: 2904c854-22c7-4075-a8c4-f4e1589727d4